 Dungeon Crawl Stone Soup version 0.24.0-13-gcf9b319 (webtiles) character file.

Game seed: 2076628690707959481, levelgen mode: deterministic

28 Bronimir the Shooter (level 2, -1/23 HPs)
             Began as a Centaur Arcane Marksman on Mar 2, 2020.
             Slain by an adder (5 damage)
             ... on level 2 of the Dungeon.
             The game lasted 00:02:01 (753 turns).

Bronimir the Shooter (Centaur Arcane Marksman)       Turns: 753, Time: 00:02:05

Health: -1/23      AC:  4    Str: 12    XL:     2   Next: 96%
Magic:  2/3        EV:  9    Int: 12    God:
Gold:   49         SH:  0    Dex:  9    Spells: 0/3 levels left

rFire    . . .     SeeInvis .   a - +0 spear
rCold    . . .     Gourm    .   (no shield)
rNeg     . . .     Faith    .   j - +0 leather armour
rPois    .         Spirit   .   (no helmet)
rElec    .         Reflect  .   (no cloak)
rCorr    .         Harm     .   (no gloves)
MR       +....                  (no barding)
Stlth    +.........             (no amulet)
HPRegen  0.07/turn              c - ring of protection from magic
MPRegen  0.08/turn              (no ring)

@: lethally poisoned (-1 -> -8), flying, very slightly contaminated, very quick
A: large, hooves 3, deformed body, speed 2, tough skin 3
a: no special abilities


You were on level 2 of the Dungeon.
You were not hungry.

You visited 1 branch of the dungeon, and saw 2 of its levels.

You collected 49 gold pieces.

Inventory:

Hand Weapons
 a - a +0 spear (weapon)
 b - a +0 shortbow
 l - a +0 whip
Missiles
 d - 29 arrows
 m - 4 stones (quivered)
Armour
 e - a +0 robe
 j - a +0 leather armour (worn)
Jewellery
 c - a ring of protection from magic (left hand)
Scrolls
 g - a scroll of enchant weapon {unknown}
 i - a scroll of teleportation {unknown}
Comestibles
 f - 2 rations


   Skills:
 + Level 1.0 Fighting
 + Level 3.1 Bows
 * Level 0.4 Armour
 + Level 2.0 Dodging
 + Level 1.1 Spellcasting
 * Level 2.9 Hexes


You couldn't memorise any spells.
You knew the following spells:

 Your Spells              Type           Power        Failure   Level  Hunger
a - Corona                Hex            #......      12%         1    ##.....
b - Slow                  Hex            #.......     17%         2    ###....

Your spell library contained the following spells:

 Spells                   Type           Power        Failure   Level  Hunger
 Inner Flame              Hex/Fire       #.......     52%         3    ####...
 Portal Projectile        Hex/Tloc       #.....       52%         3    ####...
 Cause Fear               Hex            #.........   75%         4    #####..
 Leda's Liquefaction      Hex/Erth       #.........   90%         4    #####..


Dungeon Overview and Level Annotations

Branches:
Dungeon (2/15)

Altars:


Innate Abilities, Weirdness & Mutations

You have hooves in place of feet.
Armour fits poorly on your strangely shaped body.
You cover ground very quickly.
You have extremely tough skin. (AC +3)


Message History

Your Dodging skill increases to level 2!
You feel sick.
You see here an adder corpse.
You butcher the adder corpse.
You feel sick.
Things that are here:
a chunk of flesh; an adder skeleton
There is a stone staircase leading down, spattered with blood here.
There is a lethal amount of poison in your body!
There is a lethal amount of poison in your body!
There is a lethal amount of poison in your body!
It was a potion of flight.
You feel very buoyant.
You fly up into the air.
You feel sick.
You feel sick.
You fly downwards.
The bat closely misses you. The bat hits you.
* * * LOW HITPOINT WARNING * * *
The goblin hits you but does no damage. The adder bites you.
* * * LOW HITPOINT WARNING * * *
The adder bites you.
You die...

..#.........
#.#......... .
...!....... ..
#..........
#..##..........
......b........
#......b.......
#(...@.......
#....gS...##..
...##......# .
#.........
#.......##..
#.....### #
#.....# #......


You could see an adder, a goblin and 2 bats.

Vanquished Creatures
  An adder (D:1)
  5 goblins (D:1)
  3 hobgoblins (D:1)
  A kobold (D:1)
  6 bats
  A rat (D:1)
17 creatures vanquished.

Notes
Turn   | Place    | Note
-------+----------+-------------------------------------------
     0 | D:1      | Bronimir the Centaur Arcane Marksman began the quest for
                  | the Orb.
     0 | D:1      | Reached XP level 1. HP: 16/16 MP: 2/2
   280 | D:1      | Reached XP level 2. HP: 23/23 MP: 3/3
   353 | D:1      | Reached skill level 3 in Bows
   724 | D:1      | Learned a level 2 spell: Slow
   753 | D:2      | Slain by an adder

Levels and vault maps discovered:
D:1:      lemuel_arrival_muddy, layout_basic
D:2:      layout_rooms, lemuel_round_altar, first_ration,
          minmay_misc_feat_more_columns, uniq_crazy_yiuf_cottage

Skill      XL: |  1  2 |
---------------+-------+-----
Bows           | 3 |  3.1
Dodging        | 2 |  2.0
Fighting       | |  1.0
Armour         | |  0.4
Spellcasting   | |  1.1
Hexes          | |  2.9

Action                   || total
-------------------------++-------
Melee: Whip              ||    14
       Spear             ||    14
       Kick              ||     2
 Fire: Shortbow          ||    22
  Use: Potion            ||     1
Armor: Robe              ||     8
       Leather armour    ||    20
Dodge: Dodged            ||    21
